 Dungeon Crawl Stone Soup version 0.21-a0-241-g2cbab09 (webtiles) character file.

6356 Blomdor the Basher (level 10, -3/81 HPs)
             Began as a Barachi Wizard on Sept 4, 2017.
             Was an Elder of Okawaru.
             Killed by divine providence
             ... invoked by an orc priest
              (15 damage)
             ... on level 9 of the Dungeon.
             The game lasted 00:21:47 (12154 turns).

Blomdor the Basher (Barachi Wizard)                Turns: 12154, Time: 00:21:47

Health: -3/81      AC: 19    Str: 13    XL:     10   Next: 96%
Magic:  14/14      EV:  9    Int: 18    God:    Okawaru [****..]
Gold:   382        SH:  3    Dex: 10    Spells: 12/15 levels left

rFire    + + +     SeeInvis .   s - +3 flail (protect)
rCold    + . .     Gourm    +   e - +0 buckler
rNeg     . . .     Faith    .   q - +2 scale mail {rF+}
rPois    .         Spirit   .   b - +0 hat
rElec    .         Reflect  .   m - +1 cloak
rCorr    .         Harm     .   (no gloves)
MR       .....                  (no boots)
Stlth    ..........             t - amulet of the gourmand
HPRegen  0.23/turn              (no ring)
MPRegen  0.14/turn              (no ring)

@: protection aura, slow
A: +LOS, swims, cold resistance 1, fire resistance 2, slowness 1, strong legs 1
a: Hop, Heroism, Renounce Religion


You were on level 9 of the Dungeon.
You worshipped Okawaru.
Okawaru was greatly pleased with you.
You were not hungry.

You visited 2 branches of the dungeon, and saw 11 of its levels.

You collected 429 gold pieces.
You spent 47 gold pieces at shops.

Inventory:

Hand Weapons
 a - a +0 whip of electrocution
 s - a +3 flail of protection (weapon)
Missiles
 f - a throwing net (quivered)
Armour
 b - a +0 hat (worn)
 e - a +0 buckler (worn)
 m - a +1 cloak (worn)
 q - a +2 scale mail of fire resistance (worn)
Jewellery
 t - an amulet of the gourmand (around neck)
Wands
 h - a wand of paralysis (0/24)
 l - a wand of acid (0/15)
Scrolls
 i - a scroll of enchant weapon
 k - a scroll of teleportation
 o - 2 scrolls of remove curse
 r - 2 scrolls of identify
 u - 2 scrolls of amnesia
Potions
 g - a potion of curing
 n - 3 potions of mutation
 p - a potion of brilliance
Books
 c - a book of Minor Magic

   Spells                             Type                      Level
   a - Magic Dart                     Conjuration                  1
   b - Blink                          Translocation                2
   c - Call Imp                       Summoning                    2
   d - Slow                           Hexes                        2
   e - Conjure Flame                  Conjuration/Fire             3
   f - Mephitic Cloud                 Conjuration/Poison/Air       3
Comestibles
 d - 6 bread rations
 j - 2 royal jellies


   Skills:
 + Level 8.3 Fighting
 * Level 12.1 Maces & Flails
 + Level 7.9 Armour
 - Level 2.1 Dodging
 - Level 1.7 Stealth
 - Level 3.2 Spellcasting
 - Level 1.1 Conjurations
 - Level 1.2 Summonings
   Level 1.1 Translocations
 + Level 5.5 Invocations


You had 12 spell levels left.
You knew the following spells:

 Your Spells              Type           Power        Failure   Level  Hunger
a - Magic Dart            Conj           #...         54%         1    None
b - Call Imp              Summ           #.......     67%         2    ##.....


Dungeon Overview and Level Annotations

Branches:
Dungeon (10/15)            Temple (1/1) D:4             Orc (0/2) D:9
   Lair: D:8-11

Altars:
Ashenzari
Cheibriados
Dithmenos
Elyvilon
Fedhas
Gozag
Hepliaklqana
Kikubaaqudgha
Makhleb
Nemelex Xobeh
Okawaru
Qazlal
Ru
Sif Muna
Trog
Uskayaw
Vehumet
Wu Jian
Xom
Yredelemnul
Zin
The Shining One

Shops:
D:7 ?*:[


Innate Abilities, Weirdness & Mutations

Shadows flee at your approach. (+LOS)
You can swim through water.
You cover ground slowly.
You can hop short distances.
Your flesh is cold resistant. (rC+)
Your flesh is very heat resistant. (rF++)


Message History

You sock the orc priest!
Your weapon exudes an aura of protection.
The orc priest is almost dead.
Your shield and scale mail prevent you from hitting the orc priest.
The orc priest is almost dead.
The orc priest hits you but does no damage.
You thump the orc priest!
You kill the orc priest!
Okawaru accepts your kill.
Things that are here:
a club; a scale mail; 19 gold pieces You hit the orc but do no damage.
The orc hits you but does no damage.
The orc priest shouts!
You sock the orc!
You kill the orc!
An orc priest comes into view. It is wielding a short sword.
The orc priest shouts!
The orc priest mumbles some strange prayers to Beogh against you.
Beogh smites you!
You die...

.....# #. ....#
#.. #...#
#...####...#
#..........#
#..........#
#..........#
#....#####)# #.
#@# ... #.#
....#####.#
..........#
..........#
.......o..########
.......o...>.....#
..............##.#
..............#


You could see 2 orc priests.

Vanquished Creatures
  A hydra (D:9)
  Maurice (D:8)
  The ghost of Blomdor the Chopper, a novice BaWz (D:4)
  A troll (D:8)
  2 hornets
  A hippogriff (D:8)
  Grum (D:8)
  A vampire (D:8)
  A hungry ghost (D:8)
  Menkaure (D:6)
  A porcupine (D:9)
  An ice beast (D:8)
  2 orc warriors
  5 sky beasts
  A black bear (D:8)
  A phantom (D:5)
  3 ogres
  3 wolves (D:7)
  A centaur (D:10)
  A big kobold (D:9)
  3 bullfrogs
  A gnoll sergeant (D:8)
  A wyvern zombie (D:9)
  2 wyvern skeletons (D:7)
  5 killer bees (D:8)
  2 wights
  2 howler monkeys
  2 jellies (D:6)
  A crimson imp (D:5)
  A bullfrog zombie (D:5)
  5 orc priests
  A centaur zombie (D:5)
  A gnoll shaman (D:8)
  4 hounds
  Crazy Yiuf (D:2)
  A bullfrog skeleton (D:10)
  2 orc wizards (D:7)
  A centaur skeleton (D:7)
  2 iguanas
  4 worker ants
  10 adders
  22 gnolls
  A howler monkey skeleton (D:10)
  2 shadow imps
  An ooze (D:2)
  5 worms
  3 dart slugs
  3 leopard geckos
  24 orcs
  2 giant cockroaches
  9 goblins
  4 hobgoblins
  22 jackals
  10 kobolds
  4 quokkas
  3 ball pythons
  6 bats
  3 frilled lizards
  A jackal skeleton (D:6)
  A leopard gecko skeleton (D:8)
  A quokka skeleton (D:8)
  8 rats
217 creatures vanquished.

Vanquished Creatures (collateral kills)
  An orc wizard (D:3)
  A hobgoblin (D:2)
  A kobold (D:2)
3 creatures vanquished.

Vanquished Creatures (others)
  2 fungi (D:9)
  A plant (D:9)
3 creatures vanquished.

Grand Total: 223 creatures vanquished

Notes
Turn   | Place    | Note
-------+----------+-------------------------------------------
     0 | D:1      | Blomdor the Barachi Wizard began the quest for the Orb.
     0 | D:1      | Reached XP level 1. HP: 13/13 MP: 4/4
    41 | D:1      | Reached skill level 1 in Fighting
   604 | D:1      | Reached XP level 2. HP: 12/22 MP: 6/6
  1086 | D:1      | Reached skill level 1 in Maces & Flails
  1198 | D:1      | Learned a level 2 spell: Call Imp
  1316 | D:2      | Reached XP level 3. HP: 27/27 MP: 7/7
  1329 | D:2      | Reached skill level 2 in Maces & Flails
  2368 | D:2      | Reached skill level 3 in Maces & Flails
  2590 | D:2      | Reached XP level 4. HP: 20/33 MP: 8/8
  3444 | D:2      | Found a runed door.
  3555 | D:2      | Noticed Crazy Yiuf
  3560 | D:2      | Killed Crazy Yiuf
  3560 | D:2      | Reached skill level 4 in Maces & Flails
  3560 | D:2      | Reached XP level 5. HP: 24/38 MP: 9/9
  4168 | D:3      | Found a faded altar of an unknown god.
  4175 | D:3      | Found a shadowy altar of Dithmenos.
  4212 | D:3      | Reached skill level 5 in Maces & Flails
  4398 | D:3      | Reached XP level 6. HP: 44/44 MP: 10/10
  4425 | D:3      | Reached skill level 6 in Maces & Flails
  5018 | D:4      | Noticed Blomdor's ghost (novice BaWz)
  5025 | D:4      | Killed Blomdor's ghost
  5025 | D:4      | Reached skill level 7 in Maces & Flails
  5025 | D:4      | Reached XP level 7. HP: 52/52 MP: 11/11
  5266 | D:4      | Found a staircase to the Ecumenical Temple.
  5272 | Temple   | Entered the Ecumenical Temple
  5365 | Temple   | Became a worshipper of Warmaster Okawaru
  5406 | D:5      | Entered Level 5 of the Dungeon
  5686 | D:4      | Reached skill level 1 in Invocations
  5703 | D:4      | Reached XP level 8. HP: 48/60 MP: 12/12
  5858 | D:5      | Reached skill level 8 in Maces & Flails
  6032 | D:5      | Gained mutation: Your flesh is heat resistant. (rF+) [potion of mutation]
  6032 | D:5      | Gained mutation: Your flesh is very heat resistant. (rF++) [potion of mutation]
  6032 | D:5      | Gained mutation: Your flesh is cold resistant. (rC+) [potion of mutation]
  6059 | D:6      | Found a sacrificial altar of Ru.
  6204 | D:6      | Noticed a hornet
  6211 | D:6      | Killed a hornet
  6211 | D:6      | Reached * piety under Okawaru
  6357 | D:6      | Noticed Menkaure
  6363 | D:6      | Killed Menkaure
  6681 | D:6      | Reached skill level 5 in Fighting
  6681 | D:6      | Reached skill level 9 in Maces & Flails
  6776 | D:6      | Reached XP level 9. HP: 66/68 MP: 11/13
  6782 | D:6      | Reached ** piety under Okawaru
  7641 | D:8      | Reached skill level 5 in Armour
  7881 | D:7      | Reached skill level 10 in Maces & Flails
  8382 | D:7      | Found Egyvi Sioma's Armour Shop.
  8424 | D:7      | Found Semya's Book Shoppe.
  8489 | D:7      | Found Duuj's Assorted Antiques.
  8500 | D:7      | Bought a scroll labeled IRONAOT URPH for 25 gold pieces
  8500 | D:7      | Bought a brown potion for 22 gold pieces
  8553 | D:7      | Found Omoim's Magic Scroll Shop.
  8574 | D:7      | Reached *** piety under Okawaru
  8676 | D:8      | Noticed Grum
  9263 | D:8      | Killed Grum
  9448 | D:8      | Reached XP level 10. HP: 64/79 MP: 11/14
  9547 | D:8      | Reached skill level 11 in Maces & Flails
  9784 | D:8      | Paralysed by a hornet for 1 turns
 10228 | D:8      | Reached **** piety under Okawaru
 10471 | D:8      | Noticed Maurice
 10481 | D:8      | Killed Maurice
 10917 | D:9      | Reached skill level 5 in Invocations
 11296 | D:9      | Noticed a cyan ugly thing
 11379 | D:9      | Found a staircase to the Orcish Mines.
 11443 | D:10     | Entered Level 10 of the Dungeon
 12065 | D:9      | Noticed an eight-headed hydra
 12086 | D:9      | Killed an eight-headed hydra
 12086 | D:9      | Reached skill level 12 in Maces & Flails
 12154 | D:9      | Killed from afar by an orc priest

Vault maps used:
D:1:      nzn_arrival_settlement
D:2:      uniq_crazy_yiuf_cottage
D:3:      grunt_dithmenos_smoke_and_mirrors, first_bread,
          chequers_ecumenical_altar_island
D:4:      minmay_temple_entry_enclosed_plants
D:6:      nicolae_ru_awakened_eye, uniq_menkaure
D:7:      serial_shops, shop, nicolae_shop_waterfront, shop, shop_scrolls
D:8:      uniq_maurice, uniq_grum
D:9:      due_lair_maze_entry_diamond, kennysheep_orc_monster_closet_entryway,
          grunt_ogre_cave, kennysheep_pointless_box, nicolae_zen_rock_garden
Temple:   compressed_dpeg_triangle_lava_temple

Skill      XL: |  1  2  3  4  5  6  7  8  9 10 |
---------------+-------------------------------+-----
Fighting       | 1 3 5 7 8 |  8.3
Maces & Flails | 1 3 4 5 7 9 10 12 | 12.1
Armour         | 2 4 6 7 |  7.9
Invocations    | 1 2 4 5 |  5.5
Dodging        | |  2.1
Stealth        | |  1.7
Spellcasting   | |  3.2
Conjurations   | |  1.1
Summonings     | |  1.2
Translocations | |  1.1

Action                   |  1- 3 |  4- 6 |  7- 9 | 10-12 || total
-------------------------+-------+-------+-------+-------++-------
Melee: Unarmed           |    26 |       |       |       ||    26
       Spear             |    16 |       |       |       ||    16
       Mace              |   139 |   128 |   127 |       ||   394
       Quarterstaff      |       |    27 |       |       ||    27
       Flail             |       |       |   329 |   197 ||   526
 Cast: Magic Dart        |    14 |       |       |       ||    14
       Call Imp          |     1 |     1 |       |       ||     2
Invok: Heroism           |       |       |     8 |     7 ||    15
 Abil: Hop               |     1 |       |     5 |     2 ||     8
Evoke: Wand              |       |     7 |     7 |    10 ||    24
  Use: Scroll            |     1 |     4 |    10 |     1 ||    16
       Potion            |     2 |     5 |     7 |     1 ||    15
 Stab: Sleeping          |     1 |     1 |     2 |       ||     4
       Confused          |       |     1 |       |       ||     1
       Paralysed         |       |       |       |    10 ||    10
  Eat: Chunk             |     6 |     9 |    15 |    12 ||    42
       Fruit             |       |       |       |     4 ||     4
Armor: Robe              |    50 |    37 |    31 |       ||   118
       Scale mail        |       |       |   213 |   129 ||   342
       Chain mail        |       |       |       |     1 ||     1
Dodge: Dodged            |   164 |    74 |   288 |   112 ||   638
Block: Buckler           |       |       |       |    22 ||    22

Table legend:
 A = Spawn XP
 B = Non-spawn XP
 C = Spawn XP percentage of total XP
 D = Spawn monster count
 E = Non-spawn monster count
 F = Spawn count percentage of total count
 G = Total turns spent on level
                    A         B        C        D         E        F      G
               +---------+---------+-------+---------+---------+-------+---------
         Total |    1252 |    7829 |  13.8 |      46 |     174 |  20.9 | 12154
               +---------+---------+-------+---------+---------+-------+---------
           D:1 |       6 |      27 |  18.2 |       5 |      15 |  25.0 |  1718
           D:2 |      31 |     123 |  20.1 |       5 |      27 |  15.6 |  2192
           D:3 |      44 |     153 |  22.3 |       8 |      23 |  25.8 |   992
           D:4 |      59 |     534 |   9.9 |       6 |       9 |  40.0 |   567
           D:5 |       0 |     301 |   0.0 |       0 |       9 |   0.0 |   480
           D:6 |       0 |    1241 |   0.0 |       0 |      20 |   0.0 |   884
           D:7 |     253 |    1034 |  19.7 |       6 |      28 |  17.6 |  1751
           D:8 |     815 |    2510 |  24.5 |      14 |      29 |  32.6 |  2284
           D:9 |      44 |    1524 |   2.8 |       2 |       8 |  20.0 |   558
          D:10 |       0 |     382 |   0.0 |       0 |       6 |   0.0 |   619
               +---------+---------+-------+---------+---------+-------+---------
